AoeStats
← Artorius

Arabia

507570857Analyzed
1v1 RM · 14d ago on Sep 18, 2026· 44m 47s· 2 players
Game mode
Random Map
Map size
Tiny (2 player)
Population
200
Speed
Normal
Resources
Standard
Victory
Conquest
Starting age
Dark Age
Ending age
Imperial Age
RankedLock teamsTeams togetherTeam positionsShared explorationLock speedFull tech treeHidden civsTurbo modeCheats
Victory
Defeat
🇩🇪 Magyars · Germany
983
+16
985
-16
Artorius
8:08 Loom
10:13 Feudal Age
19:12 Castle Age
17:55 Horse Collar
18:03 Double-Bit Axe
19:23 Scale Barding Armor
19:16 Light Cavalry
23:28 Husbandry
26:11 Bloodlines
26:59 Bow Saw
26:56 Heavy Plow
27:16 Gold Mining
28:16 Chain Barding Armor
29:08 Gold Shaft Mining
33:50 Wheelbarrow
38:36 Imperial Age
36:23 Hand Cart
37:45 Stone Mining
37:50 Fletching
38:28 Bodkin Arrow
39:24 Ballistics
39:31 Cavalier
41:11 Crop Rotation
41:44 Two-Man Saw
41:42 Plate Barding Armor
44:33 Chemistry
44:32 Conscription
44:39 Corvinian Army
Juan Daniel Medina Jimenez
11:18 Feudal Age
11:16 Loom
11:44 Horse Collar
11:52 Double-Bit Axe
13:20 Wheelbarrow
18:46 Gold Mining
21:37 Castle Age
21:06 Fletching
23:57 Thumb Ring
23:15 Crossbowman
26:00 Padded Archer Armor
28:29 Bow Saw
28:21 Town Watch
29:02 Ballistics
29:54 Stone Mining
32:44 Hand Cart
33:01 Guard Tower
35:54 Bodkin Arrow
36:28 Murder Holes
36:59 Treadmill Crane
41:20 Imperial Age
39:42 Leather Archer Armor
41:02 Heavy Plow
43:23 Keep
44:52 Bracer
Connection lost

Rejoining the realm…

Still unreachable

The connection could not be restored.

Session expired

The server has moved on; the page needs a fresh start.